AoeStats
← 用爱感化队友

Arena

510326503Analyzed
4v4 RM · 2d ago on Sep 30, 2026· 52m 27s· 8 players
Game mode
Random Map
Map size
Large (8 player)
Population
200
Speed
Normal
Resources
Standard
Victory
Conquest
Starting age
Dark Age
Ending age
Imperial Age
RankedLock teamsTeams togetherTeam positionsShared explorationLock speedFull tech treeHidden civsTurbo modeCheats
Victory
Defeat
🇨🇳 Khmer · China
1369
+14
🇪🇨 Italians · Ecuador
1367
+14
🇸🇬 Burgundians · Singapore
1352
+15
🇨🇳 Persians · China
1324
+16
🇹🇼 Goths · Taiwan
1345
-16
🇹🇼 Malay · Taiwan
1333
-15
🇹🇼 Khmer · Taiwan
1325
-15
🇹🇼 Byzantines · Taiwan
1288
-13
8316699
4:26 Double-Bit Axe
7:50 Horse Collar
10:42 Feudal Age
14:13 Castle Age
13:09 Bow Saw
13:31 Heavy Plow
20:41 Wheelbarrow
21:55 Scale Barding Armor
22:04 Forging
23:03 Husbandry
22:24 Cavalier
24:01 Gold Mining
24:44 Chain Barding Armor
28:03 Hand Cart
31:01 Imperial Age
28:50 Hand Cart
29:12 Iron Casting
29:21 Gold Shaft Mining
29:59 Crop Rotation
29:20 Stone Mining
30:31 Two-Man Saw
30:26 Loom
31:20 Stone Shaft Mining
32:52 Chemistry
32:32 Plate Barding Armor
32:57 Blast Furnace
32:28 Fletching
33:27 Conscription
33:12 Burgundian Vineyards
33:25 Paladin
39:45 Guilds
40:06 Coinage
47:31 Caravan
48:01 Banking
48:24 Hoardings
47:12 Elite Coustillier
49:53 Ballistics
49:44 Fortified Wall
49:44 Masonry
49:55 Bombard Tower
49:16 Treadmill Crane
52:24 Bodkin Arrow
Leobossy
4:16 Loom
11:16 Feudal Age
14:56 Castle Age
12:49 Double-Bit Axe
12:55 Horse Collar
14:06 Loom
18:22 Fletching
29:03 Bow Saw
31:19 Elite Skirmisher
37:31 Imperial Age
36:50 Padded Archer Armor
37:44 Bodkin Arrow
40:53 Wheelbarrow
41:39 Chemistry
41:42 Bracer
43:50 Leather Archer Armor
48:50 Ballistics
52:03 Fortified Wall
用爱感化队友
10:14 Feudal Age
13:50 Castle Age
11:47 Double-Bit Axe
12:17 Horse Collar
15:03 Bow Saw
23:43 Scale Barding Armor
24:52 Bloodlines
27:56 Wheelbarrow
27:47 Husbandry
28:12 Heavy Plow
31:52 Imperial Age
29:08 Loom
29:10 Town Watch
29:17 Fletching
29:28 Padded Archer Armor
29:42 Forging
29:36 Gold Mining
30:27 Hand Cart
30:55 Gold Shaft Mining
31:00 Padded Archer Armor
31:23 Ballistics
31:16 Light Cavalry
33:12 Chemistry
32:35 Leather Archer Armor
33:02 Masonry
33:20 Conscription
34:04 Ring Archer Armor
35:21 Hussar
40:35 Crop Rotation
40:31 Stone Mining
42:03 Fletching
42:33 Chain Barding Armor
42:49 Iron Casting
43:07 Stone Shaft Mining
43:38 Two-Man Saw
45:29 Thumb Ring
47:49 Plate Barding Armor
missed and miss
10:33 Feudal Age
13:52 Castle Age
11:50 Double-Bit Axe
11:45 Horse Collar
15:33 Bow Saw
19:08 Gold Mining
20:28 Man-at-Arms
21:52 Wheelbarrow
22:23 Scale Mail Armor
22:18 Long Swordsman
24:10 Hand Cart
23:41 Loom
24:14 Arson
30:35 Imperial Age
28:37 Heavy Plow
29:12 Gold Shaft Mining
28:28 Stone Mining
28:55 Chain Mail Armor
28:51 Forging
30:04 Stone Shaft Mining
31:04 Ballistics
30:48 Capped Ram
30:59 Two-Handed Swordsman
32:15 Iron Casting
32:42 Chemistry
31:49 Siege Engineers
32:15 Ballistics
33:01 Double Crossbow
33:22 Conscription
32:46 Pikeman
33:35 Heavy Scorpion
35:18 Siege Ram
37:30 Murder Holes
37:45 Masonry
37:46 Fortified Wall
37:36 Halberdier
43:52 Blast Furnace
43:24 Architecture
44:59 Caravan
45:29 Coinage
47:27 Fletching
47:39 Padded Archer Armor
49:16 Banking
49:51 Bodkin Arrow
Don't fight
10:34 Feudal Age
11:34 Double-Bit Axe
14:41 Castle Age
12:24 Horse Collar
16:30 Wheelbarrow
16:23 Bow Saw
22:05 Gold Mining
22:41 Hand Cart
22:45 Heavy Plow
23:37 Loom
28:28 Imperial Age
26:51 Forging
26:42 Scale Mail Armor
28:46 Iron Casting
29:11 Chain Mail Armor
28:18 Pikeman
28:59 Squires
29:09 Perfusion
29:29 Conscription
29:09 Perfusion
28:57 Halberdier
30:43 Blast Furnace
30:16 Crop Rotation
30:47 Two-Man Saw
33:10 Chemistry
32:31 Ballistics
41:46 Anarchy
41:07 Elite Huskarl
Red bull-power off
11:34 Feudal Age
15:36 Castle Age
13:50 Double-Bit Axe
13:47 Horse Collar
28:35 Loom
28:49 Loom
29:18 Gold Mining
31:08 Forging
30:59 Scale Mail Armor
31:43 Gold Shaft Mining
31:20 Bow Saw
34:35 Imperial Age
32:22 Fortified Wall
32:33 Ballistics
33:38 Heavy Plow
35:01 Iron Casting
34:42 Chain Mail Armor
35:35 Wheelbarrow
36:22 Chemistry
34:56 Pikeman
37:35 Conscription
36:38 Halberdier
37:53 Plate Mail Armor
41:02 Squires
46:43 Two-Man Saw
Red bull | Andy chiou
10:04 Feudal Age
13:05 Castle Age
11:14 Double-Bit Axe
11:34 Horse Collar
14:57 Bow Saw
14:59 Loom
21:51 Heavy Plow
23:23 Gold Mining
23:24 Stone Mining
27:14 Stone Shaft Mining
27:16 Gold Shaft Mining
29:28 Imperial Age
28:32 Ballistics
28:37 Fortified Wall
29:21 Wheelbarrow
30:11 Double Crossbow
30:32 Conscription
31:15 Chemistry
31:00 Hand Cart
30:43 Light Cavalry
31:34 Bloodlines
31:34 Hussar
31:47 Heavy Scorpion
34:01 Scale Mail Armor
34:08 Scale Barding Armor
34:13 Forging
43:26 Pikeman
44:44 Halberdier
자급자족
9:25 Loom
11:29 Feudal Age
10:20 Loom
15:15 Castle Age
25:50 Horse Collar
28:22 Heavy Plow
28:09 Double-Bit Axe
29:36 Bow Saw
36:52 Wheelbarrow
36:51 Gold Mining
39:50 Imperial Age
38:12 Forging
38:08 Scale Barding Armor
38:48 Gold Shaft Mining
39:57 Iron Casting
39:10 Elite Battle Elephant
41:10 Conscription
42:33 Blast Furnace
52:09 Hand Cart
52:31 Crop Rotation
Connection lost

Rejoining the realm…

Still unreachable

The connection could not be restored.

Session expired

The server has moved on; the page needs a fresh start.